 Dungeon Crawl Stone Soup version 0.19-a0-1511-g16f215b (webtiles) character file.

2 jacquesderrida the Magician (level 1, 2/9 HPs)
             Began as a Vine Stalker Wanderer on Sept 11, 2016.
             Quit the game on level 1 of the Dungeon.
             The game lasted 00:00:25 (75 turns).

jacquesderrida the Magician (Vine Stalker Wanderer)   Turns: 75, Time: 00:00:25

Health: 2/9        AC:  2    Str: 13    XL:     1   Next: 30%
Magic:  3/6        EV: 11    Int: 14    God:
Gold:   12         SH:  0    Dex: 12    Spells: 0 memorised, 8 levels left

rFire  . . .     SeeInvis .     g - -3 mace (curse)
rCold  . . .     Gourm    .     c - +0 robe
rNeg   . . .     Faith    .     (no shield)
rPois  .         Spirit   +     (no helmet)
rElec  .         Dismiss  .     (no cloak)
rCorr  .         Reflect  .     (no gloves)
MR     .....     Harm     .     (no boots)
Stlth  +.........               (no amulet)
                                (no ring)
                                (no ring)

@: no status effects
A: fangs 2, magic shield, antimagic bite, no device heal 3, rot immunity
a: no special abilities


You were on level 1 of the Dungeon.
You were not hungry.

You visited 1 branch of the dungeon, and saw 1 of its levels.

You collected 12 gold pieces.

Inventory:

Hand Weapons
 d - a +0 club
 g - a cursed -3 mace (weapon)
Armour
 c - a +0 robe (worn)
Scrolls
 h - a scroll of enchant armour {unknown}
 i - a scroll of identify {unknown}
Potions
 e - a potion of might {unknown}
Books
 a - a book of Minor Magic

   Spells                             Type                      Level
   a - Magic Dart                     Conjuration                  1
   b - Blink                          Translocation                2
   c - Call Imp                       Summoning                    2
   d - Repel Missiles                 Charms/Air                   2
   e - Slow                           Hexes                        2
   f - Conjure Flame                  Conjuration/Fire             3
   g - Mephitic Cloud                 Conjuration/Poison/Air       3
 b - the Collected Works on Transmigration

   Spells                             Type                      Level
   a - Sticks to Snakes               Transmutation                2
   b - Passwall                       Transmutation/Earth          2
Comestibles
 f - a bread ration


   Skills:
 + Level 0.3 Fighting
 - Level 1.0 Throwing
 * Level 0.2 Unarmed Combat
 - Level 4.3 Spellcasting
   Level 2.0 Charms
   Level 1.0 Necromancy
   Level 1.0 Air Magic
   Level 1.0 Evocations


You had 8 spell levels left.
You didn't know any spells.

Dungeon Overview and Level Annotations

Branches:
Dungeon (1/15)

Altars:


Innate Abilities, Weirdness & Mutations

You have extremely sharp teeth.
When hurt, damage is shared between your health and your magic reserves.
Your bite disrupts and absorbs the magic of your enemies.
Potions and wands cannot restore your health.
You are immune to rotting.


Message History

You hit the jackal.
You kill the jackal!
The jackal barely misses you.
The jackal bites you but does no damage.
The jackal bites you.
You barely miss the jackal. The jackal bites you. x2
The jackal barely misses you. The jackal bites you.
* * * LOW HITPOINT WARNING * * *
You are too injured to fight recklessly!
You are too injured to fight recklessly!
You are too injured to fight recklessly!
You are too injured to fight recklessly!
You are too injured to fight recklessly!
You are too injured to fight recklessly!
You are too injured to fight recklessly!
You are too injured to fight recklessly!
You are too injured to fight recklessly!
You are too injured to fight recklessly!
You are too injured to fight recklessly!
Are you sure you want to abandon this character and quit the game? (Confirm with "yes".)

#.# #.# #### #.# #...
#.# #...#######.#
#...#..†.##.# ######
#.#).!#@...##.#####.....
#....shh................
#.....#######....##.....
.?.^... +.....+.....
##..... #.....#.....
#..... .......#.....
#..### ##......#.....
#.. #.#####...... #.
..##.......##


You could see 2 jackals and a giant cockroach.

Vanquished Creatures
  A jackal (D:1)
  A rat (D:1)
2 creatures vanquished.

Notes
Turn   | Place    | Note
-------+----------+-------------------------------------------
     0 | D:1      | jacquesderrida the Vine Stalker Wanderer began the quest for the Orb.
     0 | D:1      | jacquesderrida set off with: a book of Minor Magic, the Collected Works on Transmigration, a +0 robe, a +0 club, a bread ration
     0 | D:1      | Reached XP level 1. HP: 9/9 MP: 6/6
    75 | D:1      | Quit the game

Vault maps used:
D:1:      denvon_arrival_planthouse, hangedman_abyss_or_decor_stabs

Action                   || total
-------------------------++-------
Melee: Mace              ||    10
       Bite              ||     2
 Stab: Sleeping          ||     1
Armor: Robe              ||     6
Dodge: Dodged            ||    19
